 Dungeon Crawl Stone Soup version 0.31-a0-230-g09eb5fc4d3 (webtiles) character file.

Game seed: 3834413388963786214

158 qw the Shooter (level 5, -24/30 HPs)
             Began as a Gargoyle Hexslinger on July 6, 2023.
             Annihilated by an ogre
             ... wielding a +0 giant club
              (31 damage)
             ... on level 4 of the Dungeon.
             The game lasted 00:01:14 (2299 turns).

qw the Shooter (Gargoyle Hexslinger)                Turns: 2299, Time: 00:01:14

Health: -24/30     AC: 10    Str: 11      XL:     5   Next: 40%
Magic:  6/6        EV: 15    Int: 12 (14) God:
Gold:   151        SH:  0    Dex: 12 (14) Spells: 5/6 levels left

rFire   . . .        Y - +1 sling
rCold   . . .        (no shield)
rNeg    + . .        d - +0 ring mail
rPois   inf          (no helmet)
rElec   +            (no cloak)
rCorr   .            (no gloves)
SInv    .            e - +0 pair of boots
Will    .....        (no amulet)
Stlth   +            c - +5 ring of evasion
HPRegen 0.25/turn    (no ring)
MPRegen 0.10/turn

%: no passive effects
@: about to teleport
A: sickness immunity, AC +4, negative energy resistance 1, electricity
resistance, torment resistance 1, petrification resistance
a: no special abilities


You were on level 4 of the Dungeon.
You visited 1 branch of the dungeon, and saw 4 of its levels.
You also visited: Sewer.

You collected 199 gold pieces.
You spent 48 gold pieces at shops.


Innate Abilities, Weirdness & Mutations

You are immune to sickness and miasma.
Your stone body is resilient. (AC +4)
You are immune to poison.
You resist negative energy. (rN+)
You are resistant to electric shocks. (rElec)
You are resistant to unholy torment.
You are immune to petrification.


   Skills:
 + Level 2.0 Fighting
 - Level 5.0 Ranged Weapons
 - Level 1.0 Armour
 - Level 1.5 Dodging
 - Level 1.0 Spellcasting
 - Level 2.6 Hexes


You had 5 spell levels left.
You knew the following spells:

 Your Spells              Type           Power      Damage    Failure   Level
a - Slow                  Hex            28%        N/A       24%         1

Your spell library contained the following spells:

 Spells                   Type           Power      Damage    Failure   Level
 Inner Flame              Hex/Fire       3%         N/A       77%         3
 Portal Projectile        Hex/Tloc       6%         N/A       77%         3
 Cause Fear               Hex            3%         N/A       93%         4

Inventory:

Hand Weapons
 Y - a +1 sling (weapon)
Armour
 d - a +0 ring mail (worn)
 e - a +0 pair of boots (worn)
Jewellery
 c - a +5 ring of evasion (left hand)
Scrolls
 k - 2 scrolls of identify
Potions
 b - a potion of curing
 j - 3 potions of might

Dungeon Overview and Level Annotations

Branches:
Dungeon (4/15)              Sewer (visited)
 Temple: D:4-7

Altars:

Shops:
D:1 [*([(

Annotations:
D:2 1 runed translucent door, Crazy Yiuf


Message History

The adder misses you. The adder barely misses you.
You shoot a sling bullet. The sling bullet hits the adder.
You kill the adder!
Your Ranged Weapons skill increases to level 5!
You see here a +0 dagger.
Found a short sword.
As you open the door, it creaks loudly!
A ball python comes into view.
You shoot a sling bullet. The sling bullet hits the ball python.
You kill the ball python!
There is an open door here.
You open the door.
There is an open door here.
You now have 151 gold pieces (gained 7).
An ogre comes into view. It is wielding a +0 giant club.
The ogre shouts!
An ogre is nearby!
An ogre is nearby!
You shoot a sling bullet. The sling bullet hits the ogre.
The ogre is lightly wounded.
You shoot a sling bullet.
The sling bullet barely misses the ogre.
You shoot a sling bullet.
The sling bullet barely misses the ogre.
The ogre barely misses you.
You shoot a sling bullet.
The sling bullet closely misses the ogre.
The ogre hits you with a +0 giant club!!
Ouch! That really hurt!
2297 ||| READING scroll of teleportation.
As you read the scroll of teleportation, it crumbles to dust.
You feel strangely unstable.
You shoot a sling bullet. The sling bullet hits the ogre.
The ogre is lightly wounded.
The ogre misses you.
You shoot a sling bullet. The sling bullet hits the ogre.
The ogre is moderately wounded.
The ogre hits you with a +0 giant club!!
Ouch! That really hurt!
You die...

#.........##
#.........#
#.........#
.#.##.........#
###.###.###.####
.............#.+
#.###.###.##...#
...........#.#.#
.##.###.##@..#.#
.#.......#O#.#.#
...##.##...#.?....
.#.#.. #.#.#.#####
...# ..#...## .#
.#.#.#.##
.##...#..# ..
..#.#.##


You could see an ogre.

Vanquished Creatures
  An orc priest (D:3)
  An orc wizard (D:3)
  3 adders
  A worm (D:2)
  2 dart slugs
  3 orcs (D:3)
  5 giant cockroaches
  6 goblins
  4 hobgoblins
  5 jackals
  5 kobolds
  9 quokkas
  7 ball pythons
  9 bats
  5 frilled lizards
  4 rats
70 creatures vanquished.

Notes
Turn   | Place    | Note
-------+----------+-------------------------------------------
     0 | D:1      | qw the Gargoyle Hexslinger began the quest for the Orb.
     0 | D:1      | Reached XP level 1. HP: 12/12 MP: 2/2
     0 | D:1      | 0 ||| qw: Version: 0.3-a-46-gb1f654a
     0 | D:1      | 0 ||| qw: Game counter: 1814
     0 | D:1      | 0 ||| qw: Melee chars always use a shield: true
     0 | D:1      | 0 ||| qw: God list: Okawaru
     0 | D:1      | 0 ||| qw: Allow faded altars: false
     0 | D:1      | 0 ||| qw: Do Orc after clearing Dungeon:15 true
     0 | D:1      | 0 ||| qw: Do second Lair branch before Depths: true
     0 | D:1      | 0 ||| qw: Lair rune preference: random
     0 | D:1      | 0 ||| qw: Goals: Normal
     0 | D:1      | 0 ||| PLANNING D:1-11
   179 | D:1      | Found Katem's Antique Armour Shoppe.
   189 | D:1      | Reached XP level 2. HP: 16/16 MP: 3/3
   193 | D:1      | 193 ||| SHOPLISTING pair of embroidered gloves (127 gold,
                  | have 36).
   295 | D:1      | Reached skill level 3 in Ranged Weapons
   443 | D:1      | Found Xukhlu's Weapon Boutique.
   447 | D:1      | Reached XP level 3. HP: 21/21 MP: 4/4
   499 | D:1      | Found Zicyheing's Armour Shop.
   509 | D:1      | 509 ||| SHOPLISTING +1 leather armour of cold resistance
                  | (154 gold, have 81).
   509 | D:1      | 509 ||| SHOPLISTING +2 ring mail of cold resistance (231
                  | gold, have 81).
   509 | D:1      | 509 ||| SHOPLISTING +2 robe of fire resistance (194 gold,
                  | have 81).
   592 | D:1      | Found Ijexuim's Antique Weapon Shop.
   601 | D:1      | 601 ||| SHOPLISTING warped orcbow (153 gold, have 81).
   694 | D:1      | Found Tyott's General Store.
   703 | D:1      | 703 ||| BUYING 2 scrolls of identify (48 gold).
   703 | D:1      | Bought 2 scrolls of identify for 48 gold pieces
   703 | D:1      | 703 ||| SHOPLISTING scroll of enchant armour (90 gold, have
                  | 50).
   826 | D:1      | 826 ||| UPGRADING to +0 ring mail.
   836 | D:1      | 836 ||| DROPPING +0 robe.
   837 | D:1      | 837 ||| UPGRADING to +0 pair of boots.
   842 | D:1      | 842 ||| READING scroll labelled KUIGEVI KUESIGEY.
   843 | D:1      | 843 ||| READING 2 scrolls labelled ONUETASTYL.
   844 | D:1      | 844 ||| READING 2 scrolls of identify.
   844 | D:1      | 844 ||| IDENTIFYING bubbling silvery potion
   845 | D:1      | 845 ||| DROPPING scroll of poison.
   846 | D:1      | 846 ||| DROPPING potion of attraction.
   847 | D:1      | 847 ||| DROPPING scroll of noise.
   879 | D:2      | 879 ||| STAIRDANCE
   965 | D:2      | Found a runed translucent door.
   966 | D:2      | Noticed Crazy Yiuf
  1052 | D:2      | Reached skill level 1 in Armour
  1063 | D:2      | Found a faded altar of an unknown god.
  1235 | D:2      | Reached XP level 4. HP: 26/26 MP: 5/5
  1478 | D:2      | 1478 ||| UPGRADING to +5 ring of evasion.
  1479 | D:2      | 1479 ||| DROPPING ring of magical power.
  1480 | D:2      | 1480 ||| READING 2 scrolls labelled QECVOTUYSI.
  1513 | D:2      | 1513 ||| READING scroll labelled KUYSKI PUGRURO.
  1514 | D:2      | 1514 ||| DRINKING 4 fizzy brown potions.
  1515 | D:2      | 1515 ||| READING 3 scrolls of identify.
  1515 | D:2      | 1515 ||| IDENTIFYING puce potion
  1516 | D:2      | 1516 ||| READING 2 scrolls of identify.
  1516 | D:2      | 1516 ||| IDENTIFYING bubbling green potion
  1517 | D:2      | 1517 ||| DROPPING 3 potions of degeneration.
  1550 | D:3      | 1550 ||| PLANNING SEWER
  1676 | D:3      | Reached skill level 4 in Ranged Weapons
  1740 | D:3      | Found a glowing drain.
  1759 | D:3      | 1759 ||| Stepping ~*~*~tactically~*~*~ (water).
  1764 | Sewer    | Entered a sewer
  1796 | D:3      | 1796 ||| PLANNING D:1-11
  1913 | D:3      | 1913 ||| Stepping ~*~*~tactically~*~*~ (outnumbered).
  1924 | D:3      | Reached XP level 5. HP: 27/30 MP: 6/6
  2229 | D:3      | 2229 ||| READING scroll labelled YTZIWK BYHOCS.
  2266 | D:4      | Reached skill level 5 in Ranged Weapons
  2291 | D:4      | Noticed an ogre
  2296 | D:4      | HP: 6/30 [ogre/+0 giant club (24)]
  2297 | D:4      | 2297 ||| READING scroll of teleportation.
  2299 | D:4      | Annihilated by an ogre

Levels and vault maps discovered:
D:1:      dpeg_arrival_court, layout_loops_cross, serial_shops, shop,
          nicolae_shop_bloodbath_and_beyond, shop, nicolae_lakefront_shop, shop,
          kennysheep_boxes
D:2:      layout_rooms, ebering_ecumenical_altar_abandoned,
          grunt_decor_one_mirror, uniq_crazy_yiuf_cottage
D:3:      layout_basic, portal_sewer_entry_f
D:4:      layout_basic, nicolae_overflows_in_rows,
          minmay_temple_entry_statues_pillars,
          nicolae_concentric_dashed_squares_mild, uniq_natasha

Skill      XL: |  1  2  3  4  5 |
---------------+----------------+-----
Ranged Weapons | 3 4 5 |  5.0
Fighting       | 2 |  2.0
Armour         | 1 |  1.0
Dodging        | |  1.5
Spellcasting   | |  1.0
Hexes          | |  2.6

Action                     |  1- 3 |  4- 6 || total
---------------------------+-------+-------++-------
   Fire: Sling             |   128 |   168 ||   296
    Use: Scroll            |     3 |     6 ||     9
         Potion            |       |     1 ||     1
 Armour: Robe              |    11 |       ||    11
         Ring mail         |    13 |    55 ||    68
  Dodge: Dodged            |    40 |    67 ||   107

Table legend:
 A = Non-vault XP
 B = Vault XP
 C = Vault XP percentage of total XP
 D = Non-vault monster count
 E = Vault monster count
 F = Vault count percentage of total count
                 A         B        C        D         E       F
            +---------+---------+-------+---------+---------+-------
      Total |     215 |      12 |   5.3 |      64 |       6 |   8.6
            +---------+---------+-------+---------+---------+-------
        D:1 |      53 |       0 |   0.0 |      30 |       0 |   0.0
        D:2 |      38 |       0 |   0.0 |      13 |       0 |   0.0
        D:3 |     110 |      12 |   9.8 |      19 |       6 |  24.0
        D:4 |      14 |       0 |   0.0 |       2 |       0 |   0.0
            +---------+---------+-------+---------+---------+-------
